 Dungeon Crawl Stone Soup version 0.31.0-7-gf635a9b802 (webtiles) character file.

Game seed: 4475708246984401345

1282 ProzacElf the Ruffian (level 8, 0/67 HPs)
             Began as a Troll Hedge Wizard on Jan 23, 2024.
             Was an Initiate of Fedhas.
             Succumbed to a hornet's poison
             ... on level 7 of the Dungeon.
             The game lasted 00:08:49 (4433 turns).

ProzacElf the Ruffian (Troll Hedge Wizard)          Turns: 4433, Time: 00:08:49

Health: 0/67       AC:  5    Str: 18 (19) XL:     8   Next: 29%
Magic:  10/10      EV: 11    Int: 13 (16) God:    Fedhas [......]
Gold:   193        SH:  0    Dex: 10 (11) Spells: 6/11 levels left

rFire   . .          .
                       - Unarmed
rCold   . . .        (no shield)
rNeg    . . .        a - +0 robe
rPois   .            c - +0 hat
rElec   .            k - +0 cloak
rCorr   +            (gloves unavailable)
SInv    .            (boots unavailable)
Will    .....        (no amulet)
Stlth   +            i - +6 ring of intelligence
HPRegen 1.11/turn    s - ring of resist corrosion
MPRegen 0.12/turn

%: no passive effects
@: lethally poisoned (0 -> -3), hasted and slowed
A: large, unfitting armour, claws 3, regeneration 1, shaggy fur 1, tough skin 1
a: Renounce Religion


You were on level 7 of the Dungeon.
You worshipped Fedhas.
Fedhas was noncommittal.
You visited 2 branches of the dungeon, and saw 8 of its levels.

You collected 307 gold pieces.
You spent 114 gold pieces at shops.

Inventory:

Hand Weapons
 b - a +2 mace of venom
 z - a +0 dagger
Missiles
 x - 16 poisoned darts (quivered)
 y - 7 boomerangs
Armour
 a - a +0 robe (worn)
 c - a +0 hat (worn)
 k - a +0 cloak (worn)
Jewellery
 i - a +6 ring of intelligence (left claw)
 s - a ring of resist corrosion (right claw)
 F - a ring of positive energy
Wands
 E - a wand of flame (8)
 G - a wand of light (12)
 I - a wand of digging (3)
Scrolls
 j - 3 scrolls of teleportation {unknown}
 l - 2 scrolls of revelation {unknown}
 m - 7 scrolls of identify {unknown}
 o - a scroll of fog {unknown}
 t - a scroll of acquirement {unknown}
 u - 2 scrolls of fear {unknown}
 A - 2 scrolls of vulnerability {unknown}
 C - a scroll of amnesia {unknown}
 H - a scroll of torment {unknown}
 J - a scroll of immolation {unknown}
Potions
 d - a potion of magic
 e - a potion of berserk rage {unknown}
 f - 5 potions of degeneration
 g - a potion of heal wounds {unknown}
 h - 3 potions of haste
 n - 3 potions of curing {unknown}
 p - 2 potions of attraction {unknown}
 q - a potion of cancellation {unknown}
 r - a potion of lignification {unknown}
 v - a potion of resistance {unknown}
 w - 2 potions of mutation {unknown}
 B - a potion of brilliance {unknown}
 D - a potion of enlightenment {unknown}


   Skills:
 - Level 5.0 Dodging
 - Level 1.0 Stealth
 + Level 7.6 Unarmed Combat
 - Level 2.0 Spellcasting
 - Level 0.6 Conjurations
 - Level 0.6 Summonings
 - Level 0.6 Translocations
 + Level 2.0 Evocations


You had 6 spell levels left.
You knew the following spells:

 Your Spells              Type           Power      Damage    Failure   Level
a - Magic Dart            Conj           8%         1d3       21%         1
b - Call Imp              Summ           4%         N/A       30%         2
o - Blink                 Tloc           4%         N/A       30%         2

Your spell library contained the following spells:

 Spells                   Type           Power      Damage    Failure   Level
 Apportation              Tloc           4%         N/A       21%         1
 Summon Small Mammal      Summ           8%         N/A       21%         1
 Sting                    Conj/Alch      8%         1d3       22%         1
 Necrotise                Necr           4%         1d4       26%         1
 Slow                     Hex            4%         N/A       26%         1
 Cigotuvi's Dreadful Rot  Necr/Alch/Air  2%         N/A       36%         2
 Gell's Gravitas          Tloc           2%         N/A       52%         3
 Teleport Other           Tloc           2%         N/A       52%         3
 Mephitic Cloud           Conj/Alch/Air  1%         N/A       56%         3
 Fugue of the Fallen      Necr           1%         N/A       58%         3
 Ozocubu's Armour         Ice            1%         N/A       58%         3
 Manifold Assault         Tloc           2%         N/A       89%         4
 Dispersal                Tloc           1%         N/A       100%        6


Dungeon Overview and Level Annotations

Branches:
Dungeon (7/15)             Temple (1/1) D:6

Altars:
Ashenzari
Cheibriados
Dithmenos
Elyvilon
Fedhas
Gozag
Kikubaaqudgha
Okawaru
Qazlal
Sif Muna
Trog
Vehumet
Wu Jian
Xom
Yredelemnul
Zin
The Shining One

Shops:
D:6 (*

Annotations:
D:4 1 runed translucent door, SuperJoe's ghost, amateur KoRe


Innate Abilities, Weirdness & Mutations

You are too large for most types of armour.
You have claws for hands.
Your natural rate of healing is unusually fast.
You are covered in fur. (AC +1)
You have tough skin. (AC +1)


Message History

Tha hornet be almost dead.
Ye feel sick.
Tha hornet barely misses ye.
Tha hornet closely misses ye.
Ye barely miss tha hornet.
Tha hornet be almost dead.
Ye feel sick.
Tha hornet stin's ye.
* * * LOW HITPOINT WARNIN'
* * * Ye be more poison'd.
Ye feel as though ye will be slow longer.
Tha hornet closely misses ye.
Ye take 5 damage, an' haf 16/67 hp.
Ye scratch tha hornet but do nay damage.
Tha hornet be almost dead.
Ye feel very sick.
Tha hornet misses ye.
Tha hornet stin's ye but does nay damage.
Ye take 2 damage, an' haf 14/67 hp.
Ye miss tha hornet.
Tha hornet be almost dead.
Ye feel sick.
Tha hornet stin's ye.
* * * LOW HITPOINT WARNIN'
* * * Ye be leth'lly poison'd!
Ye feel as though ye will be slow longer.
Tha hornet misses ye.
Ye take 5 damage, an' haf 9/67 hp.
Ye claw tha hornet!
Ye kill tha hornet!
Fedhas appreciates yer contribution ta tha ecosystem.
* * * LOW HITPOINT WARNIN'
* * * Ye feel very sick.
Yer Evocations skill increases ta level 2!
Ye take 4 damage, an' haf 5/67 hp.
It was a potion o' degeneration.
Thar was somethin' very wrong wit tha liquid.
Ye feel weaken'd.
Ye feel dopey.
Ye feel clumsy.
* * * LOW HITPOINT WARNIN'
* * * Ye feel very sick.
Ye take 4 damage, an' haf 1/67 hp.
It was a potion o' haste.
Ye feel yerself speed up.
Ye die...
Fedhas appreciates yer contribution ta tha ecosystem.

#......#
##......#
#.......#
#.......#
#......# ####
#..:.<.##....
#....†.......
#....@.......
#....$.####+###
#......##.....##
#...[..##.....>#
#..............#
#..............#
+........<.....#
#..............#
#......#####'###


There were no monsters in sight!

Vanquished Creatures
  A hornet (D:7)
  Menkaure (D:4)
  An ice beast (D:6)
  A centaur (D:5)
  An ogre (D:5)
  A bullfrog (D:6)
  A jelly (D:5)
  2 bombardier beetles (D:5)
  A hound (D:5)
  An orc priest (D:4)
  2 sleepcaps
  Crazy Yiuf (D:3)
  Jessica (D:2)
  A gnoll bouda (D:4)
  3 iguanas
  2 orc wizards
  8 gnolls
  4 adders
  A shadow imp (D:6)
  A dart slug (D:1)
  2 ribbon worms
  18 orcs
  3 ball pythons
  8 bats
  8 endoplasms
  2 giant cockroaches
  4 hobgoblins
  4 jackals (D:1)
  3 quokkas
  A frilled lizard (D:2)
  5 goblins
  6 kobolds
  3 rats
  A butterfly (D:1)
103 creatures vanquished.

Notes
Turn   | Place    | Note
-------+----------+-------------------------------------------
     0 | D:1      | ProzacElf the Troll Hedge Wizard began the quest for the
                  | Orb.
     0 | D:1      | Reached XP level 1. HP: 16/16 MP: 2/2
    45 | D:1      | Reached skill level 1 in Unarmed Combat
    49 | D:1      | Reached XP level 2. HP: 22/24 MP: 4/4
   208 | D:1      | Reached XP level 3. HP: 31/31 MP: 5/5
   607 | D:2      | Reached skill level 2 in Unarmed Combat
   809 | D:2      | Noticed Jessica
   813 | D:2      | Killed Jessica
   814 | D:2      | Reached XP level 4. HP: 39/39 MP: 6/6
  1460 | D:3      | Found a snail-covered altar of Cheibriados.
  1509 | D:3      | Found a runed translucent door.
  1510 | D:3      | Noticed Crazy Yiuf
  1519 | D:3      | Killed Crazy Yiuf
  1520 | D:3      | Reached skill level 3 in Unarmed Combat
  1938 | D:4      | Found an ancient bone altar of Kikubaaqudgha.
  2041 | D:4      | Reached XP level 5. HP: 44/45 MP: 7/7
  2042 | D:4      | Found a runed translucent door.
  2043 | D:4      | Noticed SuperJoe's ghost (amateur KoRe)
  2286 | D:4      | Found a shadowy altar of Dithmenos.
  2344 | D:4      | Noticed Menkaure
  2357 | D:4      | Killed Menkaure
  2358 | D:4      | Reached skill level 4 in Unarmed Combat
  2358 | D:4      | Reached XP level 6. HP: 40/53 MP: 8/8
  2870 | D:5      | Entered Level 5 of the Dungeon
  3027 | D:5      | Reached skill level 5 in Unarmed Combat
  3038 | D:4      | Reached XP level 7. HP: 27/59 MP: 9/9
  3112 | D:5      | Reached skill level 5 in Dodging
  3198 | D:5      | Found a shimmering blue altar of Sif Muna.
  3221 | D:5      | Reached skill level 6 in Unarmed Combat
  3335 | D:5      | Found a glowing silver altar of Zin.
  3419 | D:6      | Found Gyne's Assorted Antiques.
  3439 | D:6      | Bought a scroll labelled QIAROXK MOXZE for 20 gold pieces
  3439 | D:6      | Bought a scroll labelled FIZIKKEVAPN for 20 gold pieces
  3439 | D:6      | Bought a green potion for 18 gold pieces
  3439 | D:6      | Bought a scroll labelled AMEOLEFF AZIN for 20 gold pieces
  3439 | D:6      | Bought 2 bubbling grey potions for 36 gold pieces
  3500 | D:6      | Found an ornate altar of the Wu Jian Council.
  3517 | D:6      | Reached skill level 7 in Unarmed Combat
  3667 | D:6      | Reached XP level 8. HP: 42/67 MP: 10/10
  3693 | D:6      | Learned a level 2 spell: Blink
  3696 | D:6      | Learned a level 2 spell: Call Imp
  3740 | D:6      | Found Buetur's Antique Weapon Emporium.
  3816 | D:6      | Found a staircase to the Ecumenical Temple.
  3825 | Temple   | Entered the Ecumenical Temple
  3856 | Temple   | Became a worshipper of Fedhas Madash
  3993 | D:6      | Reached skill level 1 in Evocations
  4414 | D:7      | Noticed a hornet
  4431 | D:7      | Killed a hornet
  4432 | D:7      | HP: 1/67 [poisoned by a hornet]
  4433 | D:7      | Succumbed to a hornet's poison

Illustrated notes

Levels and vault maps discovered:
D:1:      spicycebolla_arrival_clurvy, layout_rooms
D:2:      layout_basic, kennysheep_generic_room_9, uniq_jessica
D:3:      layout_basic, overflow_temple_1_default, lightli_corner_chamber,
          uniq_crazy_yiuf_cottage
D:4:      layout_gridville, kennysheep_little_box,
          nicolae_kikubaaqudgha_miasma_corner, gammafunk_ghost_grave,
          uniq_menkaure
D:5:      layout_rooms, zin_treasury, nicolae_sif_muna_little_library
D:6:      layout_cave_pods, nicolae_wu_jian_wuxing_cycle,
          minmay_temple_entry_statues_pillars, serial_shops,
          nicolae_lakefront_shop, shop
D:7:      layout_gridville, general_overflow_altar
Temple:   grunt_temple_mini_profane

Skill      XL: |  1  2  3  4  5  6  7  8 |
---------------+-------------------------+-----
Unarmed Combat | 1 2 3 4 5 7 |  7.6
Dodging        | 2 3 4 5 |  5.0
Evocations     | 2 |  2.0
Stealth        | |  1.0
Spellcasting   | |  2.0
Conjurations   | |  0.6
Summonings     | |  0.6
Translocations | |  0.6

Action                     |  1- 3 |  4- 6 |  7- 9 || total
---------------------------+-------+-------+-------++-------
  Melee: Unarmed           |    95 |   195 |   108 ||   398
         Punch             |     1 |     5 |     2 ||     8
   Cast: Magic Dart        |     1 |       |       ||     1
    Use: Potion            |       |       |     2 ||     2
   Stab: Sleeping          |     4 |     4 |       ||     8
 Armour: Robe              |    71 |   152 |    79 ||   302
  Dodge: Dodged            |    48 |    85 |    64 ||   197

Action                     |  1- 3 |  4- 6 |  7- 9 || total
---------------------------+-------+-------+-------++-------
  Melee: Unarmed           |    95 |   195 |   108 ||   398
         Punch             |     1 |     5 |     2 ||     8
   Cast: Magic Dart        |     1 |       |       ||     1
    Use: Potion            |       |       |     2 ||     2
   Stab: Sleeping          |     4 |     4 |       ||     8
 Armour: Robe              |    71 |   152 |    79 ||   302
  Dodge: Dodged            |    48 |    85 |    64 ||   197

Levels and vault maps discovered:
D:1:      spicycebolla_arrival_clurvy, layout_rooms
D:2:      layout_basic, kennysheep_generic_room_9, uniq_jessica
D:3:      layout_basic, overflow_temple_1_default, lightli_corner_chamber,
          uniq_crazy_yiuf_cottage
D:4:      layout_gridville, kennysheep_little_box,
          nicolae_kikubaaqudgha_miasma_corner, gammafunk_ghost_grave,
          uniq_menkaure
D:5:      layout_rooms, zin_treasury, nicolae_sif_muna_little_library
D:6:      layout_cave_pods, nicolae_wu_jian_wuxing_cycle,
          minmay_temple_entry_statues_pillars, serial_shops,
          nicolae_lakefront_shop, shop
D:7:      layout_gridville, general_overflow_altar
Temple:   grunt_temple_mini_profane
